 Dungeon Crawl Stone Soup version 0.21.1-1-g345015f (webtiles) character file.

3307 Monsterracer the Grappler (level 10, -9/71 HPs)
             Began as an Octopode Wanderer on June 21, 2018.
             Was an Initiate of Gozag.
             Mangled by a death yak (14 damage)
             ... on level 7 of the Dungeon.
             The game lasted 00:14:59 (7024 turns).

Monsterracer the Grappler (Octopode Wanderer)       Turns: 7024, Time: 00:14:59

Health: -9/71      AC:  5    Str: 22    XL:     10   Next: 1%
Magic:  28/28      EV: 15    Int: 11    God:    Gozag
Gold:   427        SH:  7    Dex: 13    Spells: 9/9 levels left

rFire    + . .     SeeInvis .     - Unarmed
rCold    + + .     Gourm    .   C - +2 buckler
rNeg     + . .     Faith    .   (helmet restricted)
rPois    +         Spirit   .   i - amulet of regeneration
rElec    +         Reflect  .   k - ring of magical power
rCorr    +         Harm     .   u - ring of protection from cold {!d}
MR       .....                  x - ring of positive energy
Stlth    +++.......             t - ring of magical power
HPRegen  0.61/turn              p - +2 ring of protection
MPRegen  0.21/turn              D - +2 ring of protection
                                (no ring)
                                (no ring)

@: mighty, resistant, gold aura, hasted, very quick
A: almost no armour, stealthy swim, amphibious, 8 rings, constrict 8, camouflage
1, gelatinous body 1
a: Potion Petition, Call Merchant, Bribe Branch, Renounce Religion


You were on level 7 of the Dungeon.
You worshipped Gozag.
Gozag was aware of your devotion.
You were not hungry.

You visited 2 branches of the dungeon, and saw 9 of its levels.

You collected 709 gold pieces.
You spent 240 gold pieces at shops.
You paid 42 gold pieces to Gozag.

Inventory:

Hand Weapons
 b - a +1 hand crossbow
Missiles
 e - 41 bolts
Armour
 C - a +2 buckler (worn)
Jewellery
 i - an amulet of regeneration (around mantle)
 k - a ring of magical power (left tentacle)
 p - a +2 ring of protection (on tentacle)
 t - a ring of magical power (on tentacle)
 u - a ring of protection from cold (right tentacle) {!d}
 x - a ring of positive energy (on tentacle)
 D - a +2 ring of protection (on tentacle)
Wands
 s - a wand of polymorph (32)
 w - a wand of scattershot (2)
 y - a wand of clouds (8)
 A - a wand of acid (7)
Scrolls
 a - 2 scrolls of fear {!r}
 h - 4 scrolls of teleportation
 m - 2 scrolls of fog
 o - 2 scrolls of magic mapping {!r}
 E - a scroll of amnesia
 G - a scroll of remove curse
 I - a scroll of enchant armour
Potions
 d - 5 potions of curing
 f - 2 potions of lignification
 g - 2 potions of flight {unknown}
 j - a potion of ambrosia {unknown}
 l - 2 potions of berserk rage {!q}
 n - 4 potions of resistance
 q - a potion of cancellation {unknown}
 r - a potion of might
 v - 5 potions of haste
 z - 4 potions of brilliance
 B - 2 potions of heal wounds {unknown}
 F - a potion of agility {unknown}
 H - a potion of mutation {unknown}
Comestibles
 c - 10 rations


   Skills:
 + Level 7.2 Fighting
 + Level 5.1 Crossbows
 + Level 5.1 Dodging
 - Level 4.0 Stealth
 - Level 4.0 Shields
 * Level 9.5 Unarmed Combat


You had 9 spell levels left.
You didn't know any spells.

Dungeon Overview and Level Annotations

Branches:
Dungeon (8/15)             Temple (1/1) D:4
   Lair: D:8-11

Altars:
Ashenzari
Dithmenos
Elyvilon
Fedhas
Gozag
Hepliaklqana
Kikubaaqudgha
Makhleb
Nemelex Xobeh
Okawaru
Ru
Sif Muna
Trog
Uskayaw
Vehumet
Wu Jian
Xom
Yredelemnul
Zin
The Shining One

Shops:
D:4 =


Innate Abilities, Weirdness & Mutations

You cannot wear most types of armour.
You are very stealthy in the water. (Stealth+)
You are amphibious.
You can wear up to eight rings at the same time.
You can use your tentacles to constrict eight enemies at once.
Your skin changes colour to match your surroundings (Stealth+).
Your rubbery body absorbs attacks. (AC +1, EV +1)


Message History

Health restored: 71 You now have 421 gold pieces (gained 7).
You now have 427 gold pieces (gained 6).
Found a flail.
Okay, then.
g - 2 fuming inky potions (gained 1)
Found a stone staircase leading down.
Found an escape hatch in the floor.
A rat and a quokka come into view.
There are monsters nearby!
A quokka comes into view.
Found 13 stones.
A death yak comes into view.
The death yak bellows!
You barely miss the quokka. You grab the quokka.
You kill the quokka!
A death yak comes into view.
The death yak bellows!
Found 12 gold pieces.
A death yak comes into view.
The quokka is distracted by the nearby gold.
The quokka is no longer distracted by gold.
The quokka twitches its whiskers.
You tentacle-slap the death yak but do no damage.
You squeeze the death yak.
The death yak is lightly wounded.
The death yak gores you!!
You take 26 damage, and have 45/71 hp.
MASSIVE DAMAGE!!
You tentacle-slap the death yak but do no damage.
The death yak is lightly wounded.
The death yak gores you!
* * * LOW HITPOINT WARNING * * *
You take 16 damage, and have 29/71 hp.
MASSIVE DAMAGE!!
What are your orders? t - Shout!
Orders for allies: a - Attack new target. r - Retreat! s - Stop attacking. g - Guard the area. f - Follow me.
Anything else - Cancel.
Okay, then.
The death yak snorts and paws the ground.
There is a stone staircase leading up here.
The death yak gores you!!
* * * LOW HITPOINT WARNING * * *
The quokka bites you but does no damage.
You climb upwards.
There is a stone staircase leading down here.
You take 18 damage, and have 21/71 hp.
MASSIVE DAMAGE!!
Unknown command. [a] - 0 gold - heal wounds and magic [b] - 0 gold - heal wounds [c] - 0 gold - resistance, might and haste Purchase which effect?
You feel protected.
You feel very mighty all of a sudden.
You feel yourself speed up. You block the quokka's attack.
The death yak completely misses you. You block the quokka's attack.
The death yak gores you!!
* * * LOW HITPOINT WARNING * * *
You take 21 damage, and have 1/71 hp.
MASSIVE DAMAGE!!
The quokka bites you but does no damage.
Press: ? - help, v - describe, . - travel
Here: a quokka The floor.
You batter the quokka!!
You kill the quokka!
Wield which item (- for none, * to show all)? (? for menu, Esc to quit)
Okay, then.
Okay, then.
You feel better.
You regained 8 hp, and now have 11/71 hp.
Okay, then.
Evoke which item? (* to show all) (? for menu, Esc to quit)
Aiming: Corrosive Bolt
Press: ? - help, Shift-Dir - straight line, f - death yak
Aim: a death yak The bolt of acid hits the death yak.
The death yak is splashed with acid.
The death yak is lightly wounded.
Evoke which item? (* to show all) (? for menu, Esc to quit)
Aiming: Corrosive Bolt
Press: ? - help, Shift-Dir - straight line, f/p - death yak
Aim: a death yak (lightly wounded)
The bolt of acid hits the death yak.
The death yak is splashed with acid.
The death yak is moderately wounded.
You tentacle-slap the death yak. You squeeze the death yak!
The death yak is heavily wounded.
The death yak gores you!
* * * LOW HITPOINT WARNING * * *
You take 10 damage, and have 4/71 hp.
You bludgeon the death yak! You squeeze the death yak.
The death yak is severely wounded.
You bludgeon the death yak!
The death yak is almost dead.
The death yak misses you.
You completely miss the death yak. Your squeeze misses the death yak.
The death yak is almost dead.
You barely miss the death yak.
The death yak is almost dead.
The death yak gores you!
You die...
Your body crumbles into a pile of gold.

#####....####
#............. ...##....#
#......###...# ...##....###
####...# #...# (..''....'.#
##### ##..# #...#
...##....#.# #...# #..#
#...# ...##....#.# #...#
#..# #...#
...##....#.#####...# #..#
#####
...##....#.#...#...#####..#
...##....#.#....@Y.....$.>#
##########.#.......########
#.#.......# ###.#()..####
#..()....# #.#.##+#.#
#.#)).(#.# ##.######.#
#.........#


You could see a death yak.

Vanquished Creatures
  Pikel (D:4)
  Grinder (D:4)
  A hippogriff (D:7)
  A spriggan (D:7)
  Menkaure (D:5)
  2 sky beasts (D:6)
  A phantom (D:7)
  An ice beast (D:6)
  2 slaves (D:4)
  3 ogres
  2 centaurs
  Blork the orc (D:4)
  A big kobold (D:7)
  A bullfrog (D:6)
  3 scorpions
  7 wights
  A bullfrog zombie (D:5)
  An orc wizard (D:5)
  4 orc priests
  A gnoll shaman (D:7)
  2 hounds
  2 iguanas
  7 worker ants
  A hound skeleton (D:6)
  A howler monkey zombie (D:7)
  7 gnolls
  8 adders
  A shadow imp (D:8)
  An ooze (D:7)
  A worm (D:2)
  3 dart slugs (D:1)
  A leopard gecko (D:5)
  26 orcs
  3 bats
  7 giant cockroaches
  8 goblins
  12 hobgoblins
  16 jackals
  6 quokkas
  6 frilled lizards
  A giant cockroach zombie (D:5)
  11 kobolds
  A leopard gecko skeleton (D:5)
  A leopard gecko zombie (D:7)
  10 rats
179 creatures vanquished.

Notes
Turn   | Place    | Note
-------+----------+-------------------------------------------
     0 | D:1      | Monsterracer the Octopode Wanderer began the quest for the Orb.
     0 | D:1      | Monsterracer set off with: a +2 dagger, a scroll of fear {!r}, a ration, a +0 hand crossbow, 30 bolts, a potion of lignification
     0 | D:1      | Reached XP level 1. HP: 18/18 MP: 1/1
   177 | D:1      | Reached skill level 1 in Unarmed Combat
   225 | D:1      | Reached XP level 2. HP: 20/24 MP: 2/2
   477 | D:1      | Reached skill level 2 in Unarmed Combat
   754 | D:1      | Reached XP level 3. HP: 29/29 MP: 3/3
  1159 | D:2      | Reached skill level 3 in Unarmed Combat
  1381 | D:2      | Found a hide-covered altar of Uskayaw.
  1465 | D:2      | Reached XP level 4. HP: 29/35 MP: 4/4
  1657 | D:2      | Found a deep blue altar of Sif Muna.
  1721 | D:2      | Reached skill level 4 in Unarmed Combat
  1914 | D:3      | HP: 11/35 [orc priest/morningstar (13)]
  1915 | D:3      | Reached XP level 5. HP: 13/39 MP: 5/5
  2049 | D:3      | Reached skill level 5 in Unarmed Combat
  2050 | D:3      | HP: 19/39 [orc priest/short sword (4)]
  2187 | D:3      | Reached XP level 6. HP: 43/45 MP: 6/6
  2295 | D:3      | HP: 22/45 [wight/enchanted battleaxe (3)]
  2298 | D:3      | Reached skill level 6 in Unarmed Combat
  2355 | D:3      | HP: 15/45 [wight/enchanted trident (13)]
  2355 | D:3      | HP: 4/45 [wight/enchanted long sword (11)]
  2522 | D:3      | Reached XP level 7. HP: 47/50 MP: 7/7
  3291 | D:4      | Found a shadowy altar of Dithmenos.
  3315 | D:4      | HP: 23/50 [ogre/giant club (27)]
  3387 | D:4      | Noticed Grinder
  3395 | D:4      | Paralysed by Grinder for 5 turns
  3409 | D:4      | Paralysed by Grinder for 5 turns
  3415 | D:4      | Killed Grinder
  3415 | D:4      | Reached skill level 7 in Unarmed Combat
  3540 | D:4      | Found a staircase to the Ecumenical Temple.
  3555 | D:4      | Reached XP level 8. HP: 43/57 MP: 8/8
  3596 | Temple   | Entered the Ecumenical Temple
  3760 | Temple   | Became a worshipper of Gozag Ym Sagoz the Greedy
  3853 | D:4      | Noticed Blork the orc
  3862 | D:4      | Killed Blork the orc
  3911 | D:4      | Found Deaso's Jewellery Shop.
  3987 | D:4      | Found a sacrificial altar of Ru.
  4028 | D:4      | Bought a +2 ring of protection for 120 gold pieces
  4417 | D:4      | Found a shimmering altar of Xom.
  4540 | D:5      | Entered Level 5 of the Dungeon
  4546 | D:5      | Noticed Menkaure
  4600 | D:5      | Noticed Pikel
  4733 | D:4      | Killed Pikel
  4733 | D:4      | Reached skill level 8 in Unarmed Combat
  4834 | D:5      | Killed Menkaure
  4868 | D:5      | Found a basalt altar of Yredelemnul.
  4941 | D:5      | Reached XP level 9. HP: 62/63 MP: 9/9
  4963 | D:5      | Found a blossoming altar of Fedhas.
  4965 | D:5      | Found an ancient bone altar of Kikubaaqudgha.
  5102 | D:5      | Found a sacrificial altar of Ru.
  5125 | D:5      | Found a glowing golden altar of the Shining One.
  5126 | D:5      | Found a white marble altar of Elyvilon.
  5127 | D:5      | Found a glowing silver altar of Zin.
  5273 | D:6      | HP: 31/63 [centaur/arrow (3)]
  5511 | D:6      | Reached skill level 1 in Shields
  5555 | D:4      | Bought a +2 ring of protection for 120 gold pieces
  6429 | D:7      | Found a burning altar of Makhleb.
  6500 | D:7      | Reached skill level 9 in Unarmed Combat
  6605 | D:7      | Got a translucent longbow
  6611 | D:7      | Identified the +4 longbow "Peumamia" {velocity, +Inv rN+++ Str-5 Dex-2} (You found it on level 7 of the Dungeon)
  6736 | D:7      | Reached skill level 5 in Dodging
  6788 | D:7      | Reached skill level 5 in Crossbows
  6849 | D:8      | Reached XP level 10. HP: 48/71 MP: 10/10
  6971 | D:8      | Noticed a death yak
  6974 | D:8      | Noticed a death yak
  6975 | D:8      | Noticed a death yak
  6988 | D:8      | HP: 29/71 [death yak (16)]
  7004 | D:8      | HP: 20/71 [death yak (19)]
  7007 | D:7      | HP: 1/71 [death yak (21)]
  7020 | D:7      | HP: 4/71 [death yak (10)]
  7024 | D:7      | Mangled by a death yak

Skill      XL: |  1  2  3  4  5  6  7  8  9 |
---------------+----------------------------+-----
Unarmed Combat | 1 2 3 4 5 6 7 8 9 |  9.5
Crossbows      | 2 4 5 |  5.1
Dodging        | 2 4 5 |  5.1
Fighting       | 6 7 |  7.2
Shields        | 4 |  4.0
Stealth        | |  4.0

Action                   |  1- 3 |  4- 6 |  7- 9 | 10-12 || total
-------------------------+-------+-------+-------+-------++-------
Melee: Dagger            |     7 |       |       |       ||     7
       Constrict         |    22 |    12 |    55 |     1 ||    90
       Tentacles         |    12 |    10 |    45 |     4 ||    71
       Unarmed           |    61 |    44 |   241 |     9 ||   355
       Punch             |     1 |       |    14 |       ||    15
 Fire: Hand crossbow     |       |    88 |    50 |       ||   138
Invok: Potion Petition   |       |       |       |     1 ||     1
Evoke: Wand              |       |       |       |     2 ||     2
  Use: Scroll            |       |       |    16 |       ||    16
       Potion            |       |       |       |     1 ||     1
 Stab: Sleeping          |     5 |     4 |    10 |       ||    19
  Eat: Chunk             |     1 |     4 |     4 |       ||     9
       Ration            |       |       |     3 |       ||     3
Armor: Skin              |     5 |     1 |    20 |     2 ||    28
Dodge: Dodged            |    34 |    73 |   107 |     2 ||   216
Block: Buckler           |       |       |    17 |     2 ||    19

Vault maps used:
D:1:      scummos_arrival_simple_fountains
D:2:      wad_crossroads, lemuel_coloured_pillars_altar, first_ration,
          led_sif_pool
D:4:      lemuel_crystal_altar, nicolae_dithmenos_the_darkroom,
          temple_fountains, serial_shops, shop, nicolae_ru_awakened_eye,
          uniq_grinder, uniq_blork_the_orc
D:5:      grunt_temple_overflow_growth_and_decay, good_gods_temple_1,
          marbit_many_paths, nicolae_overflow_crystal_walls, uniq_menkaure,
          uniq_pikel
D:7:      lightli_temple_of_fire, the_bakery
D:8:      slow_altar_1, dpeg_lair_monsters, st_stairs_8,
          hangedman_abyss_or_decor_jellyfish_corner
Temple:   compressed_dpeg_triangle_lava_temple
